 Dungeon Crawl Stone Soup version 0.31.0-12-g77e489cdc1 (webtiles) character file.

Game seed: 7219810895588304926

8 ChrisAssaf the Ruffian (level 2, -6/23 HPs)
             Began as a Gnoll Shapeshifter on Feb 13, 2024.
             Mangled by a kobold
             ... wielding a +1 dagger of electrocution
              (20 damage)
             ... on level 1 of the Dungeon.
             The game lasted 00:00:35 (127 turns).

ChrisAssaf the Ruffian (Gnoll Shapeshifter)          Turns: 127, Time: 00:00:36

Health: -6/23      AC:  2    Str: 13    XL:     2   Next: 8%
Magic:  2/2        EV: 13    Int:  9    God:
Gold:   16         SH:  0    Dex: 11    Spells: 1/1 levels left

rFire   . .          .
                       - Unarmed
rCold   . . .        (no shield)
rNeg    . . .        a - +0 animal skin
rPois   .            (helmet currently unavailable)
rElec   .            (cloak currently unavailable)
rCorr   .            (gloves currently unavailable)
SInv    .            (boots currently unavailable)
Will    .....        (no amulet)
Stlth   +            (no ring)
HPRegen 0.23/turn    (no ring)
MPRegen 0.08/turn

%: no passive effects
@: beast-form
A: beast (slay +3), fangs 1, strong nose, distributed training
a: Begin Untransformation


You were on level 1 of the Dungeon.
You were a hulking beast.
You visited 1 branch of the dungeon, and saw 1 of its levels.

You collected 16 gold pieces.

Inventory:

Armour
 a - a +0 animal skin (worn)
Talismans
 c - a beast talisman
 d - a flux talisman
Potions
 b - a potion of lignification
 e - a potion of resistance {unknown}


   Skills:
 + Level 2.4 Fighting
 + Level 0.3 Short Blades
 + Level 0.3 Long Blades
 + Level 0.3 Axes
 + Level 0.3 Maces & Flails
 + Level 0.3 Polearms
 + Level 0.3 Staves
 + Level 0.3 Ranged Weapons
 + Level 0.3 Throwing
 + Level 0.3 Armour
 + Level 4.4 Dodging
 + Level 0.3 Stealth
 + Level 0.3 Shields
 + Level 6.4 Unarmed Combat
 + Level 0.3 Spellcasting
 + Level 0.2 Conjurations
 + Level 0.2 Hexes
 + Level 0.2 Summonings
 + Level 0.2 Necromancy
 + Level 0.2 Translocations
 + Level 0.2 Fire Magic
 + Level 0.2 Ice Magic
 + Level 0.2 Air Magic
 + Level 0.2 Earth Magic
 + Level 0.2 Alchemy
 + Level 0.4 Invocations
 + Level 0.3 Evocations
 + Level 6.4 Shapeshifting


You had one spell level left.
You didn't know any spells.
Your spell library was empty.

Dungeon Overview and Level Annotations

Branches:
Dungeon (1/15)

Altars:


Innate Abilities, Weirdness & Mutations

You are a hulking beast.
Your limbs bulge with bestial killing power. (Slay +3)
You have very sharp teeth.
Your uncanny sense of smell can sniff out nearby items.
Your experience applies equally to all skills.


Message History

You miss the quokka.
The quokka is moderately wounded.
The quokka closely misses you.
You miss the quokka. You bite the quokka, but do no damage.
The quokka is moderately wounded.
The quokka barely misses you.
You barely miss the quokka. The quokka bites you.
You barely miss the quokka. You punch the quokka.
You kill the quokka!
You see here a quokka corpse.
Found 16 gold pieces.
A goblin comes into view. It is wielding a +0 club.
The goblin shouts!
You hear an angry hiss.
A ball python comes into view.
Found a scroll labelled WOTY JISYOQU.
The ball python hisses angrily.
A kobold comes into view.
It is wielding a +1 dagger of electrocution.
The goblin closely misses you.
You see here 16 gold pieces.
The kobold shouts!
You hit the goblin.
You kill the goblin!
You have reached level 2!
You now have 16 gold pieces.
The ball python bites you but does no damage.
The ball python grabs you. The ball python constricts you.
An endoplasm comes into view.
The ball python bites you. The ball python constricts you.
Things that are here:
a +0 club; a goblin corpse The endoplasm quivers.
You punch the ball python!
You kill the ball python!
You feel your willpower return.
The kobold hits you with a +1 dagger of electrocution.
You closely miss the kobold.
The kobold hits you with a +1 dagger of electrocution.
You are electrocuted!!
Ouch! That really hurt!
You die...

#?#. #... ... ∆ ∆
###.#######
..........# ##
#.J...#.####.#
#..##...........#
#....Kh).....#.##
........##.#.....#
##.####........#..#
∆ #.#####..# ## #.#
#..# # ..# #†>#.###
#.# #......#
#.#####.##...#
#.....†.# ####


You could see an endoplasm and a kobold.

Vanquished Creatures
  A goblin (D:1)
  A hobgoblin (D:1)
  A quokka (D:1)
  2 ball pythons (D:1)
  2 frilled lizards (D:1)
  A rat (D:1)
8 creatures vanquished.

Notes
Turn   | Place    | Note
-------+----------+-------------------------------------------
     0 | D:1      | ChrisAssaf the Gnoll Shapeshifter began the quest for the
                  | Orb.
     0 | D:1      | Reached XP level 1. HP: 17/17 MP: 1/1
   123 | D:1      | Reached XP level 2. HP: 21/23 MP: 2/2
   127 | D:1      | Mangled by a kobold

Illustrated notes

Levels and vault maps discovered:
D:1:      lightli_arrival_windingriver, layout_loops_ring,
          dreamdust_ecumenical_altar_hidden_monk_grotto

Action                     || total
---------------------------++-------
  Melee: Unarmed           ||    16
         Bite              ||     2
         Punch             ||     1
    Use: Scroll            ||     3
   Stab: Sleeping          ||     1
 Armour: Animal skin       ||    10
  Dodge: Dodged            ||    12
